 Dungeon Crawl Stone Soup version 0.17-a0-2147-gfb20a63 (webtiles) character file.

19110 Ijustatesigmund the Covert (level 12, -2/75 HPs)
             Began as an Octopode Wizard on Oct 24, 2015.
             Was a High Priest of Cheibriados.
             Slain by a wolf (4 damage)
             ... on level 1 of the Lair of Beasts.
             The game lasted 01:41:54 (18786 turns).

Ijustatesigmund the Covert (Octopode Wizard)       Turns: 18786, Time: 01:41:54

Health: -2/75      AC:  7    Str: 19    XL:     12   Next: 65%
Magic:  19/19      EV:  2    Int: 35    God:    Cheibriados [*****.]
Gold:   533        SH:  0    Dex: 21    Spells: 8 memorised, 2 levels left

rFire  . . .     SeeInvis +     L - +6 rapier (vamp)
rCold  . . .     Clarity  .     (no shield)
rNeg   + + +     SustAt   .     a - +2 hat
rPois  ∞         Gourm    .     k - amulet of faith
rElec  .         Spirit   .     d - ring of poison resistance
rCorr  .         Warding  .     p - ring of protection from magic
rMut   .         Stasis   .     y - +3 ring of protection
MR     .....                    H - ring of invisibility
Stlth  ++++++++..               N - ring of stealth
                                O - ring of positive energy
                                (no ring)
                                (no ring)

@: petrified, vulnerable, repel missiles, very slow, not resistant to hostile
enchantments, extraordinarily stealthy
A: almost no armour, amphibious, 8 rings, constrict 8, icy blue scales 1,
camouflage 1, see invisible, gelatinous body 1
a: Bend Time, Temporal Distortion, Slouch, Step From Time, Renounce Religion,
Evoke Invisibility


You were on level 1 of the Lair of Beasts.
You worshipped Cheibriados.
Cheibriados was extremely pleased with you.
You were not hungry.

You visited 2 branches of the dungeon, and saw 15 of its levels.
You also visited: Ossuary.

You collected 880 gold pieces.
You spent 347 gold pieces at shops.

Inventory:

Hand Weapons
 f - the +3 long sword "Vuizoycu" {slice, rPois MR++}
   (You took it off a big kobold on level 9 of the Dungeon)

   It inflicts extra damage upon your enemies.
   It protects you from poison.
   It affects your resistance to hostile enchantments.
 m - a +4 dagger of venom
 r - a +1 hunting sling of flaming
 E - a +0 blowgun
 L - a +6 vampiric rapier (weapon)
Missiles
 j - 15 tomahawks (quivered)
 D - a curare-tipped needle
Armour
 a - a +2 hat (worn)
 z - a +0 shield
Magical Staves
 R - a cursed staff of wizardry {unknown}
Jewellery
 d - a ring of poison resistance (left tentacle)
 k - an amulet of faith (around mantle)
 p - a ring of protection from magic (right tentacle)
 y - a +3 ring of protection (on tentacle)
 H - a ring of invisibility (on tentacle)
 N - a ring of stealth (on tentacle)
 O - a ring of positive energy (on tentacle)
Wands
 o - a wand of teleportation (0)
 u - a wand of teleportation (2)
 v - a wand of lightning (7)
 J - a wand of frost (30)
 M - a wand of enslavement (10)
Scrolls
 g - 7 scrolls of remove curse
 h - 3 scrolls of recharging
 n - 3 scrolls of fog
 t - a scroll of amnesia
 C - 3 scrolls of teleportation
 F - 2 scrolls of fear
 I - 3 scrolls of identify
Potions
 l - 3 potions of lignification
 q - 2 potions of brilliance
 s - 5 potions of curing
 x - a potion of ambrosia
 B - 2 potions of flight
Comestibles
 c - 2 bread rations
 i - 5 meat rations


   Skills:
 + Level 4.3 Fighting
 - Level 8.6(9.0) Short Blades
 - Level 3.7(6.6) Long Blades
 - Level 5.4 Dodging
 - Level 10.3 Stealth
 - Level 5.1 Spellcasting
 - Level 7.0 Conjurations
 - Level 2.9 Charms
 - Level 1.0 Summonings
 - Level 6.0 Translocations
 - Level 3.2 Ice Magic
 - Level 3.1 Air Magic
 - Level 4.0 Poison Magic
 - Level 7.7 Invocations
 - Level 6.6 Evocations


You had 2 spell levels left.
You knew the following spells:

 Your Spells              Type           Power        Failure   Level  Hunger
a - Magic Dart            Conj           ####         1%          1    None
b - Blink                 Tloc           N/A          1%          2    None
c - Repel Missiles        Chrm/Air       ####..       1%          2    None
d - Mephitic Cloud        Conj/Pois/Air  #####...     1%          3    None
e - Shroud of Golubria    Chrm/Tloc      #####.....   1%          2    None
f - Call Imp              Summ           ###.....     4%          2    None
g - Ozocubu's Armour      Chrm/Ice       ####....     4%          3    None
h - Iskenderun's Mystic   Conj           ######..     2%          4    ###....


Dungeon Overview and Level Annotations

Branches:
Dungeon (14/15)            Temple (0/1) D:5            Lair (1/8) D:9
    Orc (0/4) D:10
 Vaults: D:13-14

Altars:
Cheibriados
Elyvilon
Fedhas
Kikubaaqudgha
Okawaru
Ru
Sif Muna
Trog
Xom
Zin
The Shining One

Shops:
D:4 (   D:6 *   D:9 (*   D:12 *

Annotations:
D:4 nublet's ghost, amateur HOFi
D:13 nublet's ghost, journeyman MiGl
D:14 Rupert


Innate Abilities, Weirdness & Mutations

You cannot wear most types of armour.
You are amphibious.
You can wear up to eight rings at the same time.
You can use your tentacles to constrict eight enemies at once.
Your skin changes colour to match your surroundings (Stealth).
Your rubbery body absorbs attacks (AC +1).
You are partially covered in icy blue scales (AC +1).
You have supernaturally acute eyesight.


Message History

You resist with some effort. The komodo dragon bites you!!
The wolf completely misses you. The basilisk gazes at you.
You resist with some effort.
The wolf bites you but does no damage. x2
The komodo dragon bites you. The wolf bites you but does no damage.
The komodo dragon bites you!
The komodo dragon hisses menacingly.
The wolf bites you.
The komodo dragon bites you but does no damage.
The komodo dragon bites you. The wolf bites you. The komodo dragon bites you!!
The komodo dragon bites you. The komodo dragon bites you! The wolf bites you.
The wolf bites you but does no damage. The komodo dragon barely misses you.
The komodo dragon bites you!!
* * * LOW HITPOINT WARNING * * *
The komodo dragon bites you!!
* * * LOW HITPOINT WARNING * * *
The wolf bites you!
You die...

>##### ### #...P#
.P##.###^####..##########.
..........................
..........................
..........................
#P.##P##########.#########
####### #).# #.l#####.
#@l...... ......hll......
.......l.......
...............
...............
t.....#........
.....###....... .....
.......


You could see 4 komodo dragons, a basilisk, a crocodile (sleeping) and a wolf.

Vanquished Creatures
  Kirke (D:13)
  A hydra (D:14)
  The ghost of fredomojojo the Covert, a novice NaAs of Nemelex Xobeh (D:8)
  A wolf spider (D:11)
  A griffon (D:14)
  A manticore (D:11)
  3 ugly things (D:14)
  Psyche (D:10)
  A centaur skeleton (D:12)
  2 two-headed ogres
  A troll (D:13)
  3 slime creatures (D:13)
  A harpy zombie (D:14)
  2 trapdoor spiders
  Sigmund (D:2)
  11 yaks
  2 wyverns
  2 wraiths
  2 deep elf magi
  A vampire (D:13)
  Eustachio (D:4)
  A steam dragon (D:12)
  3 wargs
  3 hungry ghosts
  4 hippogriffs
  A mottled dragon (D:12)
  A water moccasin (D:13)
  4 sky beasts
  6 orc warriors
  6 ogres
  4 centaurs
  An eye of draining (D:11)
  2 black bears
  9 ice beasts
  A crocodile (D:12)
  17 giant frogs
  4 big kobolds
  5 scorpions
  4 wights (D:9)
  10 killer bees
  2 centaur zombies
  A giant frog zombie (D:4)
  6 orc priests
  11 hounds
  A quasit (D:7)
  4 crimson imps
  6 jellies
  Crazy Yiuf (D:6)
  13 orc wizards
  Jessica (D:2)
  2 giant frog skeletons
  4 iguanas
  17 worker ants
  3 hound skeletons
  A mummy (Ossuary)
  Robin (D:3)
  6 gnolls
  14 adders
  3 shadow imps
  An ooze (D:6)
  A worm (D:3)
  3 adder skeletons
  5 giant geckos
  40 orcs
  9 giant cockroaches
  8 gnoll skeletons (Ossuary)
  13 hobgoblins
  8 jackals
  25 kobolds
  4 quokkas
  2 ball pythons
  A ball python skeleton (D:5)
  3 bats
  A giant gecko skeleton (D:5)
  3 giant newts
  11 goblins
  4 kobold skeletons (Ossuary)
  13 orc skeletons (Ossuary)
  A quokka skeleton (D:5)
  A quokka zombie (D:8)
  9 rats
389 creatures vanquished.

Vanquished Creatures (others)
  A shadow (D:13)
  3 humans (D:13)
  2 orc wizards (D:5)
  2 orcs
8 creatures vanquished.

Grand Total: 397 creatures vanquished

Notes
Turn   | Place    | Note
--------------------------------------------------------------
     0 | D:1      | Ijustatesigmund the Octopode Wizard began the quest for the Orb.
     0 | D:1      | Reached XP level 1. HP: 11/11 MP: 4/4
   763 | D:1      | Reached XP level 2. HP: 17/17 MP: 0/6
   767 | D:1      | Learned a level 2 spell: Blink
   770 | D:1      | Learned a level 2 spell: Repel Missiles
  1275 | D:2      | Noticed Jessica
  1295 | D:2      | Reached skill level 1 in Short Blades
  1363 | D:2      | Killed Jessica
  1363 | D:2      | Reached skill level 4 in Stealth
  1363 | D:2      | Reached XP level 3. HP: 17/21 MP: 0/7
  1539 | D:2      | Noticed Sigmund
  1602 | D:3      | Reached XP level 4. HP: 20/27 MP: 8/8
  1900 | D:3      | Reached skill level 5 in Stealth
  1955 | D:3      | Noticed an ice beast
  2001 | D:3      | Learned a level 3 spell: Mephitic Cloud
  2109 | D:3      | Reached XP level 5. HP: 25/31 MP: 9/9
  2204 | D:4      | Reached skill level 1 in Air Magic
  2204 | D:4      | Reached skill level 1 in Poison Magic
  2242 | D:4      | Reached skill level 1 in Fighting
  2243 | D:5      | Entered Level 5 of the Dungeon
  2243 | D:5      | Noticed an ogre
  2260 | D:5      | Noticed a sky beast
  2319 | D:4      | Reached XP level 6. HP: 20/39 MP: 10/10
  2486 | D:4      | Noticed nublet's ghost (amateur HOFi)
  2607 | D:4      | Found a sand-covered staircase.
  2616 | Ossuary  | Entered an ossuary
  2616 | Ossuary  | Noticed a wraith
  2616 | Ossuary  | Noticed a wraith
  2616 | Ossuary  | Noticed a wraith
  3434 | Ossuary  | Noticed a wraith
  3462 | Ossuary  | Killed a wraith
  3462 | Ossuary  | Reached skill level 6 in Stealth
  3462 | Ossuary  | Reached XP level 7. HP: 5/45 MP: 0/11
  3783 | D:4      | Found Riekovie's Weapon Shop.
  3809 | D:4      | Found a snail-covered altar of Cheibriados.
  3818 | D:4      | Became a worshipper of Cheibriados the Contemplative
  4215 | D:5      | Found an ancient bone altar of Kikubaaqudgha.
  4703 | D:5      | Killed an ogre
  4949 | D:5      | Found a shimmering altar of Xom.
  5040 | D:5      | Learned a level 2 spell: Shroud of Golubria
  5117 | D:3      | Killed an ice beast
  5124 | D:3      | Reached * piety under Cheibriados
  5478 | D:2      | Killed Sigmund
  5478 | D:2      | Reached XP level 8. HP: 50/50 MP: 12/12
  5736 | D:3      | Noticed Robin
  5756 | D:3      | Reached ** piety under Cheibriados
  5785 | D:3      | Killed Robin
  5958 | D:3      | Found a bloodstained altar of Trog.
  6155 | D:4      | Reached skill level 1 in Invocations
  6581 | D:5      | Found a staircase to the Ecumenical Temple.
  6887 | D:6      | Found Zin's Purification Station.
  6891 | D:6      | Found a glowing silver altar of Zin.
  6957 | D:6      | Reached skill level 7 in Stealth
  7177 | D:6      | Reached *** piety under Cheibriados
  7316 | D:6      | Reached skill level 8 in Stealth
  7316 | D:6      | Reached skill level 5 in Conjurations
  7577 | D:4      | Noticed Eustachio
  7592 | D:4      | Killed Eustachio
  7592 | D:4      | Reached XP level 9. HP: 51/54 MP: 11/13
  8005 | D:5      | Learned a level 2 spell: Call Imp
  8029 | D:5      | Killed a sky beast
  8398 | D:6      | Noticed Crazy Yiuf
  8404 | D:6      | Killed Crazy Yiuf
  8485 | D:6      | Reached skill level 9 in Stealth
  8637 | D:6      | Reached skill level 5 in Invocations
  8799 | D:6      | Reached **** piety under Cheibriados
  9382 | D:7      | Found a sacrificial altar of Ru.
  9629 | D:7      | Found a white marble altar of Elyvilon.
  9755 | D:7      | Reached skill level 1 in Evocations
  9777 | D:7      | Found a blossoming altar of Fedhas.
  9977 | D:8      | Noticed fredomojojo's ghost (novice NaAs)
 10038 | D:8      | Killed fredomojojo's ghost
 10038 | D:8      | Reached XP level 10. HP: 58/60 MP: 3/15
 10043 | D:8      | Learned a level 3 spell: Ozocubu's Armour
 10185 | D:8      | Reached skill level 1 in Ice Magic
 10417 | D:8      | Reached skill level 1 in Charms
 10589 | D:8      | Gained mutation: You have supernaturally acute eyesight. [potion of beneficial mutation]
 10592 | D:8      | Gained mutation: You are partially covered in icy blue scales (AC +1). [potion of beneficial mutation]
 10796 | D:9      | Reached ***** piety under Cheibriados
 11242 | D:8      | Found an iron altar of Okawaru.
 11337 | D:8      | Found a shimmering altar of Xom.
 11343 | D:8      | Found a shimmering altar of Xom.
 11344 | D:8      | Found a shimmering altar of Xom.
 11344 | D:8      | Found a shimmering altar of Xom.
 12079 | D:9      | Found a deep blue altar of Sif Muna.
 12125 | D:9      | Found a glowing golden altar of the Shining One.
 12260 | D:9      | Reached skill level 5 in Evocations
 12515 | D:9      | Got a slimy long sword {slice}
 12516 | D:9      | Identified the +3 long sword "Vuizoycu" {slice, rPois MR++} (You took it off a big kobold on level 9 of the Dungeon)
 12717 | D:9      | Found Zyfe's General Store.
 12725 | D:9      | Bought a scroll of blinking for 112 gold pieces
 12746 | D:9      | Reached ****** piety under Cheibriados
 12962 | D:9      | Found Ixaimuy's Antique Weapon Boutique.
 12965 | D:9      | Bought a glowing blowgun for 60 gold pieces
 13083 | D:9      | Found a staircase to the Lair.
 13143 | D:9      | Reached skill level 1 in Long Blades
 13213 | D:10     | Entered Level 10 of the Dungeon
 13227 | D:10     | Reached XP level 11. HP: 62/70 MP: 14/16
 13269 | D:10     | Found a staircase to the Orcish Mines.
 13403 | D:10     | Reached skill level 5 in Dodging
 13761 | D:10     | Noticed Psyche
 13771 | D:10     | Killed Psyche
 14753 | D:11     | Reached skill level 5 in Short Blades
 14862 | D:11     | Noticed a skeletal warrior
 14869 | D:11     | Noticed a skeletal warrior
 14885 | D:11     | Noticed a skeletal warrior
 14899 | D:11     | HP: 3/70 [centaur/arrow (6)]
 14902 | D:11     | Reached skill level 10 in Stealth
 15420 | D:12     | Found a shimmering altar of Xom.
 15624 | D:12     | Found Tah Ylepp's Assorted Antiques.
 15633 | D:12     | Bought a wooden wand for 140 gold pieces
 15633 | D:12     | Bought a scroll labeled JIABLEERIPS for 35 gold pieces
 16717 | D:13     | Noticed Kirke
 16722 | D:13     | Noticed a sphinx
 16724 | D:13     | Killed Kirke
 16724 | D:13     | Reached XP level 12. HP: 46/75 MP: 17/19
 16726 | D:13     | Noticed nublet's ghost (journeyman MiGl)
 16760 | D:13     | Reached skill level 5 in Spellcasting
 17105 | D:14     | Noticed Rupert
 17846 | D:13     | Noticed a hill giant
 17855 | D:13     | Noticed an ogre mage
 17862 | D:14     | Noticed a four-headed hydra
 17971 | D:14     | Killed a four-headed hydra
 17994 | D:14     | Reached skill level 5 in Translocations
 18626 | Lair:1   | Entered Level 1 of the Lair of Beasts
 18642 | Lair:1   | Learned a level 4 spell: Iskenderun's Mystic Blast
 18785 | Lair:1   | HP: 2/75 [komodo dragon (9)]
 18786 | Lair:1   | Slain by a wolf

Vault maps used:
D:1:      eino_arrival_water_star, nrook_loot_triangle, grunt_decor_arrowhead
D:2:      uniq_sigmund, uniq_jessica
D:3:      lightli_temple_of_fire, uniq_robin
D:4:      cheibriados_altar_1, first_bread, nicolae_ossuary_entry_monument,
          serial_shops, shop, uniq_eustachio
D:5:      nicolae_overflow_crystal_walls, lemuel_temple_firewalk_marked,
          basic_altar, dk_noncrumbling_3, kennysheep_small_spiral,
          grunt_ministairs_13
D:6:      zin_purify, uniq_crazy_yiuf_cottage
D:7:      fedhas_altar_1, lemuel_coloured_pillars_altar, elyvilon_altar_4
D:8:      lemuel_doored_altar, xom_redecorated
D:9:      minitemple, erik_lair_orcish_takeover, serial_shops, shop,
          kennysheep_mini
D:10:     minmay_klotski, uniq_psyche
D:12:     serial_shops, shop, basic_altar
D:13:     hangedman_vaults_entry_quadrant_bands, uniq_kirke
D:14:     hangedman_decor_lopped, uniq_rupert
Lair:1:   beast_lair_carwin_4, grunt_megastairs_3
Ossuary:  ossuary_due_mausoleum

Action                   |  1- 3 |  4- 6 |  7- 9 | 10-12 || total
-------------------------+-------+-------+-------+-------++-------
Melee: Spear             |     8 |       |       |       ||     8
       Dagger            |    21 |   100 |   270 |   115 ||   506
       Long sword        |       |       |       |    99 ||    99
       Rapier            |       |       |       |   223 ||   223
Throw: Tomahawk          |       |       |     6 |     4 ||    10
 Cast: Magic Dart        |    29 |    22 |    76 |   216 ||   343
       Repel Missiles    |     1 |       |     1 |     4 ||     6
       Blink             |       |     8 |     2 |    15 ||    25
       Mephitic Cloud    |       |       |    10 |    44 ||    54
       Shroud of Golubri |       |       |     3 |     2 ||     5
       Ozocubu's Armour  |       |       |       |     1 ||     1
       Call Imp          |       |       |       |    10 ||    10
Invok: Slouch            |       |       |       |    13 ||    13
Evoke: Wand              |       |       |     1 |    14 ||    15
  Use: Scroll            |     7 |     4 |     9 |    20 ||    40
       Potion            |       |     4 |     1 |     8 ||    13
 Stab: Distracted        |     1 |       |       |     2 ||     3
       Sleeping          |     1 |     9 |    26 |    30 ||    66
       Confused          |       |       |     2 |    18 ||    20
  Eat: Chunk             |     2 |     2 |     7 |     7 ||    18
       Fruit             |       |     4 |       |     8 ||    12
       Bread ration      |       |       |     1 |     4 ||     5
       Beef jerky        |       |       |     1 |     1 ||     2
       Pizza             |       |       |     1 |       ||     1
       Royal jelly       |       |       |       |     2 ||     2
